AoeStats
← Barry McCocnher

Nomad

510642258Analyzed
2v2 RM · 19h ago on Oct 1, 2026· 72m 59s· 4 players
Game mode
Random Map
Map size
176×176
Population
200
Speed
Normal
Resources
Standard
Victory
Conquest
Starting age
Dark Age
Ending age
Imperial Age
RankedLock teamsTeams togetherTeam positionsShared explorationLock speedFull tech treeHidden civsTurbo modeCheats
Victory
Defeat
🇲🇽 Sicilians · Mexico
796
+15
🇨🇴 Teutons · Colombia
771
+16
🇺🇸 Huns · United States
798
-16
🇧🇷 Persians · Brazil
767
-15
Barry McCocnher
13:23 Feudal Age
14:00 Loom
16:05 Double-Bit Axe
23:15 Wheelbarrow
30:21 Castle Age
29:47 Fletching
30:25 Pikeman
30:32 Pikeman
32:10 Forging
32:45 Thumb Ring
36:21 Iron Casting
40:56 Bodkin Arrow
49:33 Imperial Age
48:03 Elite Skirmisher
52:16 Imperial Age
57:32 Bow Saw
59:23 Marauders
59:15 Halberdier
61:47 Ballistics
62:43 Scale Mail Armor
67:40 Heavy Cavalry Archer
72:11 Chemistry
RicardowaR
14:20 Feudal Age
15:04 Double-Bit Axe
16:11 Fishing Lines
18:35 Horse Collar
19:55 Gold Mining
20:01 Stone Mining
21:42 Man-at-Arms
24:54 Fletching
25:05 Scale Mail Armor
28:48 Castle Age
29:06 Crossbowman
33:54 Pikeman
juanette
5:06 Loom
18:50 Feudal Age
23:38 Fishing Lines
24:27 Town Watch
41:41 Castle Age
41:48 Gold Mining
45:21 Double-Bit Axe
46:45 Bow Saw
55:43 Horse Collar
56:00 Elite Skirmisher
60:50 Imperial Age
60:56 First Crusade
61:18 Scale Barding Armor
61:11 Cranequins
62:47 Elite Serjeant
64:55 Chain Barding Armor
64:49 Devotion
65:14 Illumination
64:45 Herbal Medicine
65:00 Fervor
65:11 Sanctity
65:44 Heavy Plow
68:25 Plate Barding Armor
67:51 Padded Archer Armor
67:42 Fletching
68:02 Forging
67:53 Scale Mail Armor
70:08 Chemistry
69:06 Murder Holes
69:47 Heavy Mounted Crossbowman
73:49 Iron Casting
73:29 Chain Mail Armor
73:30 Leather Archer Armor
73:10 Bodkin Arrow
jack_camman
3:07 Loom
15:01 Feudal Age
16:43 Fishing Lines
19:34 Bloodlines
24:13 Wheelbarrow
23:28 Horse Collar
27:07 Castle Age
25:56 Scale Barding Armor
25:43 Fletching
27:17 Gold Mining
27:15 Double-Bit Axe
27:31 Stone Mining
27:40 Gillnets
30:23 Chain Barding Armor
37:20 Bow Saw
42:01 Imperial Age
47:01 Hand Cart
56:08 Cavalier
58:36 Plate Barding Armor
64:17 Paladin
68:16 Ironclad
70:28 Heavy Plow
Connection lost

Rejoining the realm…

Still unreachable

The connection could not be restored.

Session expired

The server has moved on; the page needs a fresh start.